 Dungeon Sprint DCSS version 0.30.1-4-g462c640d31 (webtiles) character file.

Game seed: 10972613381268523040

2105 Heoruswealwe the Grappler (level 9, -5/98 HPs)
             Began as a Troll Berserker on Aug 17, 2023.
             Was an Elder of Trog.
             Slain by a demonic crawler (11 damage)
             ... in the Dungeon (Sprint I: "Red Sonja").
             The game lasted 00:04:24 (388 turns).

Heoruswealwe the Grappler (Troll Berserker)          Turns: 388, Time: 00:04:25

Health: -5/98      AC:  4    Str: 35    XL:     9   Next: 7%
Magic:  8/8        EV: 12    Int:  2    God:    Trog [****..]
Gold:   15         SH:  0    Dex:  8    Spells: 8/8 levels left

rFire   . .          .
                       - Unarmed
rCold   . . .        (no shield)
rNeg    . . .        a - +0 animal skin
rPois   +            (helmet restricted)
rElec   .            (no cloak)
rCorr   .            (gloves unavailable)
SInv    .            (boots unavailable)
Will    .....        (no amulet)
Stlth   +            (no ring)
HPRegen 1.16/turn    (no ring)
MPRegen 0.11/turn

%: no teleportation
@: on berserk cooldown, slowed, very slow
A: large, unfitting armour, claws 3, regeneration 1, shaggy fur 1, tough skin 1,
poison resistance, strong 1
a: Renounce Religion, Berserk, Trog's Hand, Brothers in Arms


You were in the Dungeon.
You worshipped Trog.
Trog was greatly pleased with you.
You visited 1 branch You collected 459 gold pieces.
You spent 444 gold pieces at shops.

Inventory:

Armour
 a - a +0 animal skin (worn)
Wands
 h - a wand of digging (4)
Scrolls
 g - a scroll of blinking
Potions
 b - 2 potions of curing
 c - 2 potions of heal wounds
 d - a potion of haste
 e - 2 potions of magic
 f - 2 potions of berserk rage
 i - a potion of lignification
 j - a potion of ambrosia


   Skills:
 + Level 9.1 Fighting
 + Level 9.1 Dodging
 * Level 14.7 Unarmed Combat


You had 8 spell levels left.
You didn't know any spells.
Your spell library was empty.

Dungeon Overview and Level Annotations

Branches:
Dungeon (1/1)

Altars:
Cheibriados
Dithmenos
Elyvilon
Fedhas
Gozag
Hepliaklqana
Kikubaaqudgha
Makhleb
Nemelex Xobeh
Okawaru
Qazlal
Ru
Sif Muna
Trog
Uskayaw
Vehumet
Wu Jian
Xom
Yredelemnul
Zin
The Shining One
Jiyva
Lugonu

Shops:
D !


Innate Abilities, Weirdness & Mutations

You are too large for most types of armour.
You have claws for hands.
Your natural rate of healing is unusually fast.
You are covered in fur. (AC +1)
You have tough skin. (AC +1)
Your system is resistant to poisons. (rPois)
Your muscles are strong. (Str +4, Int/Dex -1)


Message History

You eviscerate the demonic crawler!!!
The demonic crawler is severely wounded.
The demonic crawler closely misses you.
The demonic crawler hits you but does no damage.
The demonic crawler closely misses you.
You barely miss the demonic crawler.
The demonic crawler is severely wounded.
The demonic crawler barely misses you. The demonic crawler hits you!
* * * LOW HITPOINT WARNING * * *
The demonic crawler barely misses you.
You mangle the demonic crawler!!
You kill the demonic crawler!
Trog accepts your kill.
Your Fighting skill increases to level 9!
Your Dodging skill increases to level 9!
You have reached level 9!
Your experience leads to an increase in your attributes!
Your base attributes are Str 28, Int 3, Dex 9.
Increase (S)trength, (I)ntelligence, or (D)exterity?
You feel stronger. x3
You mangle the demonic crawler!!
The demonic crawler is moderately wounded.
You are no longer berserk.
You are exhausted.
You feel yourself slow down. The demonic crawler hits you.
* * * LOW HITPOINT WARNING * * *
The demonic crawler hits you but does no damage.
The demonic crawler hits you!
* * * LOW HITPOINT WARNING * * *
You feel much better. The demonic crawler hits you.
The demonic crawler barely misses you. The demonic crawler closely misses you.
The demonic crawler barely misses you. The demonic crawler hits you!
* * * LOW HITPOINT WARNING * * *
The demonic crawler hits you but does no damage.
You scratch the demonic crawler.
The demonic crawler is lightly wounded.
The demonic crawler hits you!
* * * LOW HITPOINT WARNING * * *
The demonic crawler closely misses you. The demonic crawler hits you!
You die...

##################
.#..'..#__#..')..#
.').#..'..'..#)..##+#
'#####'#__####..@s..#
.#...#.#### #####..+
##..##(# ## _##'#_.+
..†..._# _##_.#'#
_###+#:# ## ###


You could see a demonic crawler.

Vanquished Creatures
  3 demonic crawlers (D)
  2 kobold demonologists (D)
  A slime creature (D)
  Sigmund (D)
  A yak (D)
  A floating eye (D)
  An ogre (D)
  A jelly (D)
  Ijyb (D)
12 creatures vanquished.

Notes
Turn   | Place    | Note
-------+----------+-------------------------------------------
     0 | D        | Heoruswealwe the Troll Berserker began the quest for the
                  | Orb.
     0 | D        | Reached XP level 1. HP: 22/22 MP: 0/0
     1 | D        | Noticed Ijyb
     9 | D        | Killed Ijyb
    10 | D        | Reached skill level 5 in Unarmed Combat
    10 | D        | Reached XP level 2. HP: 31/31 MP: 1/1
    36 | D        | Noticed an ogre
    39 | D        | Killed an ogre
    40 | D        | Reached skill level 7 in Unarmed Combat
    40 | D        | Reached XP level 3. HP: 40/40 MP: 2/2
    40 | D        | Reached XP level 4. HP: 49/49 MP: 3/3
    91 | D        | Noticed Sigmund
   102 | D        | Killed Sigmund
   102 | D        | Reached ** piety under Trog
   103 | D        | Reached skill level 5 in Fighting
   103 | D        | Reached skill level 5 in Dodging
   103 | D        | Reached skill level 9 in Unarmed Combat
   103 | D        | Reached XP level 5. HP: 14/59 MP: 4/4
   165 | D        | Found a burning altar of Makhleb.
   165 | D        | Found a viscous altar of Jiyva.
   165 | D        | Found a shimmering altar of Xom.
   165 | D        | Found a corrupted altar of Lugonu.
   165 | D        | Noticed a slime creature
   173 | D        | Killed a slime creature
   174 | D        | Reached skill level 10 in Unarmed Combat
   174 | D        | Reached XP level 6. HP: 50/68 MP: 5/5
   207 | D        | Found an ornate altar of the Wu Jian Council.
   207 | D        | Found a shimmering blue altar of Sif Muna.
   209 | D        | Found a radiant altar of Vehumet.
   237 | D        | Found Ozxiodut's Distillery.
   237 | D        | Found an ancient bone altar of Kikubaaqudgha.
   237 | D        | Found a hazy altar of Hepliaklqana.
   237 | D        | Found a stormy altar of Qazlal.
   237 | D        | Found a hide-covered altar of Uskayaw.
   237 | D        | Found a blossoming altar of Fedhas.
   237 | D        | Found a bloodstained altar of Trog.
   237 | D        | Found an iron altar of Okawaru.
   237 | D        | Found a basalt altar of Yredelemnul.
   237 | D        | Found a glowing golden altar of the Shining One.
   237 | D        | Found a snail-covered altar of Cheibriados.
   237 | D        | Found a sacrificial altar of Ru.
   237 | D        | Found a glowing silver altar of Zin.
   237 | D        | Found a shadowy altar of Dithmenos.
   237 | D        | Found a white marble altar of Elyvilon.
   237 | D        | Noticed a yak
   242 | D        | Killed a yak
   243 | D        | Reached skill level 11 in Unarmed Combat
   243 | D        | Reached XP level 7. HP: 52/76 MP: 6/6
   243 | D        | Found an opulent altar of Gozag.
   244 | D        | Found a sparkling altar of Nemelex Xobeh.
   252 | D        | Bought a potion of lignification for 36 gold pieces
   252 | D        | Bought a potion of curing for 36 gold pieces
   252 | D        | Bought a potion of heal wounds for 60 gold pieces
   252 | D        | Bought a potion of ambrosia for 96 gold pieces
   252 | D        | Bought a potion of mutation for 96 gold pieces
   252 | D        | Bought 2 potions of heal wounds for 120 gold pieces
   279 | D        | Gained mutation: Your system is resistant to poisons.
                  | (rPois) [potion of mutation]
   279 | D        | Gained mutation: Your muscles are strong. (Str +4, Int/Dex
                  | -1) [potion of mutation]
   281 | D        | Noticed a kobold demonologist
   281 | D        | Noticed a kobold demonologist
   285 | D        | Paralysed by a floating eye for 4 turns
   289 | D        | Noticed a sixfirhy
   292 | D        | Noticed a hellwing
   293 | D        | Noticed a hellwing
   294 | D        | Killed a kobold demonologist
   294 | D        | Reached *** piety under Trog
   295 | D        | Reached skill level 12 in Unarmed Combat
   297 | D        | Paralysed by a floating eye for 2 turns
   311 | D        | Noticed an orange demon
   313 | D        | Killed a kobold demonologist
   313 | D        | Reached **** piety under Trog
   314 | D        | Reached skill level 13 in Unarmed Combat
   314 | D        | Reached XP level 8. HP: 28/88 MP: 7/7
   371 | D        | Noticed a demonic crawler
   371 | D        | Noticed a demonic crawler
   371 | D        | Noticed a demonic crawler
   371 | D        | Noticed a demonic crawler
   379 | D        | Killed a demonic crawler
   381 | D        | Killed a demonic crawler
   382 | D        | Reached skill level 14 in Unarmed Combat
   384 | D        | Killed a demonic crawler
   385 | D        | Reached XP level 9. HP: 37/98 MP: 8/8
   388 | D        | Slain by a demonic crawler

Illustrated notes

Levels and vault maps discovered:
D:        dungeon_sprint_1 [red_sonja_temple_1, red_sonja_temple_small_1]

Skill      XL: |  1  2  3  4  5  6  7  8 |
---------------+-------------------------+-----
Fighting       | 3 4 5 6 8 9 |  9.1
Dodging        | 3 4 5 6 8 9 |  9.1
Unarmed Combat | 5 7 9 10 11 13 14 | 14.7

Action                     |  1- 3 |  4- 6 |  7- 9 || total
---------------------------+-------+-------+-------++-------
  Melee: Unarmed           |     9 |    22 |    37 ||    68
         Punch             |       |       |     1 ||     1
 Invoke: Berserk           |     1 |       |     1 ||     2
  Evoke: Wand              |     1 |       |       ||     1
    Use: Potion            |       |       |     4 ||     4
   Stab: Sleeping          |       |     1 |       ||     1
 Armour: Animal skin       |       |       |    25 ||    25
  Dodge: Dodged            |     5 |     2 |    38 ||    45
